 Dungeon Crawl Stone Soup version 0.29.0 (webtiles) character file.

Game seed: 9860382216930408733

36 kaikaun the Slasher (level 3, -3/35 HPs)
             Began as a Gnoll Cinder Acolyte on Sept 2, 2022.
             Was a High Priest of Ignis.
             Slain by a gnoll
             ... wielding a +0 flail
              (11 damage)
             ... on level 2 of the Dungeon.
             The game lasted 00:03:23 (1082 turns).

kaikaun the Slasher (Gnoll Cinder Acolyte)          Turns: 1082, Time: 00:03:23

Health: -3/35      AC:  4    Str: 13    XL:     3   Next: 37%
Magic:  7/7        EV: 11    Int: 13    God:    Ignis [*****.]
Gold:   82         SH:  0    Dex:  9    Spells: 5/7 levels left

rFire   + . .      SeeInvis .   b - +2 dagger (vamp)
rCold   . . .      Faith    .   (no shield)
rNeg    . . .      Spirit   .   e - +0 robe
rPois   .          Reflect  .   d - +0 helmet
rElec   .          Harm     .   (no cloak)
rCorr   .          Rampage  .   j - +0 pair of gloves
Will    .....                   (no boots)
Stlth   +.........              g - amulet of regeneration
HPRegen 0.91/turn               (no ring)
MPRegen 0.10/turn               (no ring)

@: no status effects
A: fangs 1, strong nose, distributed training
a: Renounce Religion, Fiery Armour, Foxfire Swarm, Rising Flame


You were on level 2 of the Dungeon.
You worshipped Ignis.
Ignis was extremely pleased with you.
You visited 1 branch of the dungeon, and saw 2 of its levels.

You collected 82 gold pieces.

Inventory:

Hand Weapons
 a - a +0 sling
 b - a +2 vampiric dagger (weapon)
 c - a -1 falchion of flaming
Armour
 d - a +0 helmet (worn)
 e - a +0 robe (worn)
 j - a +0 pair of gloves (worn)
Jewellery
 g - an amulet of regeneration (around neck)
Scrolls
 f - a scroll of immolation {unknown}
 l - a scroll of identify {unknown}
 m - a scroll of teleportation
 o - a scroll of enchant weapon {unknown}
Potions
 h - a potion of berserk rage {unknown}
 i - 2 potions of degeneration {unknown}
 k - 2 potions of curing {unknown}
 n - a potion of flight {unknown}
 p - a potion of attraction {unknown}
 q - a potion of magic {unknown}


   Skills:
 + Level 6.5 Fighting
 + Level 0.8 Short Blades
 + Level 6.5 Long Blades
 + Level 0.8 Axes
 + Level 0.8 Maces & Flails
 + Level 0.8 Polearms
 + Level 0.8 Staves
 + Level 0.8 Ranged Weapons
 + Level 0.8 Throwing
 + Level 0.8 Armour
 + Level 0.8 Dodging
 + Level 0.8 Stealth
 + Level 0.8 Shields
 + Level 0.8 Unarmed Combat
 + Level 2.8 Spellcasting
 + Level 0.5 Conjurations
 + Level 0.5 Hexes
 + Level 0.5 Summonings
 + Level 0.5 Necromancy
 + Level 0.5 Translocations
 + Level 0.5 Transmutations
 + Level 5.4 Fire Magic
 + Level 0.5 Ice Magic
 + Level 0.5 Air Magic
 + Level 0.5 Earth Magic
 + Level 0.5 Poison Magic
 + Level 1.0 Invocations
 + Level 0.8 Evocations


You had 5 spell levels left.
You knew the following spells:

 Your Spells              Type           Power      Damage    Failure   Level
a - Scorch                Fire           30%        2d7       3%          2

Your spell library contained the following spells:

 Spells                   Type           Power      Damage    Failure   Level


Dungeon Overview and Level Annotations

Branches:
Dungeon (2/15)

Altars:


Innate Abilities, Weirdness & Mutations

You have very sharp teeth.
Your uncanny sense of smell can sniff out nearby items.
Your experience applies equally to all skills.


Message History

A gnoll comes into view. It is wielding a +0 whip.
You shoot a sling bullet.
The sling bullet closely misses the gnoll.
The gnoll shouts!
The sling bullet hits the gnoll.
The gnoll is moderately wounded.
You shoot a sling bullet.
The sling bullet barely misses the gnoll. x2
The gnoll closely misses you.
You feel a sense of dread.
b - a +2 vampiric dagger (weapon)
The gnoll barely misses you.
You barely miss the gnoll. The gnoll hits you with a +0 flail.
You hit the gnoll.
You feel better.
The gnoll is moderately wounded.
The gnoll hits you with a +0 flail.
You hit the gnoll but do no damage.
The gnoll is moderately wounded.
The gnoll closely misses you.
You hit the gnoll but do no damage.
The gnoll is moderately wounded.
The gnoll closely misses you.
You hit the gnoll but do no damage.
The gnoll is moderately wounded.
The gnoll closely misses you.
You hit the gnoll but do no damage.
The gnoll is moderately wounded.
The gnoll hits you with a +0 flail.
You closely miss the gnoll.
The gnoll is moderately wounded.
The gnoll hits you with a +0 flail!
You hit the gnoll. Your punch misses the gnoll.
The gnoll is heavily wounded.
The gnoll hits you with a +0 flail!
You barely miss the gnoll.
The gnoll is heavily wounded.
The gnoll hits you with a +0 flail.
* * * LOW HITPOINT WARNING * * *
The gnoll attacks as you move away! The gnoll hits you with a +0 flail!
You die...

(#
#.........†......##.#
.#
#...........###..##.#
.# #...........#
#.....# .#
#...........# #.#####
.### #.#.........#
#.# .+.#
#...........###.###
.#.#
#####.####.##.....
##.# #.# #.#.....
...########.# #@#..#
#...........#
#g#..#.###
#.###########
#gg........ #.#
###..#.#### #.# #..#
# (.# ..... #.#
#..### #.# .... #.#
##.##


You could see 3 gnolls.

Vanquished Creatures
  An adder (D:2)
  A dart slug (D:1)
  3 ball pythons
  A bat (D:2)
  3 goblins
  5 hobgoblins
  2 quokkas (D:1)
  2 frilled lizards (D:2)
  3 kobolds (D:1)
  3 rats
24 creatures vanquished.

Notes
Turn   | Place    | Note
-------+----------+-------------------------------------------
     0 | D:1      | kaikaun the Gnoll Cinder Acolyte began the quest for the
                  | Orb.
     0 | D:1      | Reached XP level 1. HP: 23/23 MP: 4/4
   297 | D:1      | Reached XP level 2. HP: 29/29 MP: 5/5
   303 | D:1      | Learned a level 2 spell: Scorch
   783 | D:2      | Reached XP level 3. HP: 35/35 MP: 7/7
   826 | D:2      | Reached skill level 1 in Invocations
  1082 | D:2      | Slain by a gnoll

Illustrated notes

Levels and vault maps discovered:
D:1:      minmay_arrival_diagonal_passages, layout_basic, serial_park_tiny_pond
D:2:      layout_basic, guppyfry_early_lair_pool, uniq_jessica

Skill      XL: |  1  2  3 |
---------------+----------+-----
Invocations    | 1 |  1.0
Fighting       | |  6.5
Short Blades   | |  0.8
Long Blades    | |  6.5
Axes           | |  0.8
Maces & Flails | |  0.8
Polearms       | |  0.8
Staves         | |  0.8
Ranged Weapons | |  0.8
Throwing       | |  0.8
Armour         | |  0.8
Dodging        | |  0.8
Stealth        | |  0.8
Shields        | |  0.8
Unarmed Combat | |  0.8
Spellcasting   | |  2.8
Conjurations   | |  0.5
Hexes          | |  0.5
Summonings     | |  0.5
Necromancy     | |  0.5
Translocations | |  0.5
Transmutations | |  0.5
Fire Magic     | |  5.4
Ice Magic      | |  0.5
Air Magic      | |  0.5
Earth Magic    | |  0.5
Poison Magic   | |  0.5
Evocations     | |  0.8

Action                   || total
-------------------------++-------
Melee: Falchion          ||    27
       Dagger            ||    45
       Bite              ||     3
 Fire: Sling             ||    20
  Use: Scroll            ||     1
 Stab: Sleeping          ||     1
Armor: Robe              ||    13
Dodge: Dodged            ||    41
